 Dungeon Crawl Stone Soup version 0.18.1-8-gdd0e5ea (webtiles) character file.

868 shmeve the Chopper (level 7, -4/67 HPs)
             Began as a Deep Dwarf Berserker on May 24, 2016.
             Was a Priest of Trog.
             Slain by an ogre
             ... wielding a +0 giant club
              (22 damage)
             ... on level 4 of the Dungeon.
             The game lasted 00:08:35 (2301 turns).

shmeve the Chopper (Deep Dwarf Berserker)           Turns: 2301, Time: 00:08:36

Health: -4/67      AC:  8    Str: 22    XL:     7   Next: 73%
Magic:  10/10      EV: 11    Int:  8    God:    Trog [***...]
Gold:   229        SH:  0    Dex: 12    Spells: 0 memorised, 6 levels left

rFire  . . .     SeeInvis .     a - +0 hand axe
rCold  . . .     Gourm    .     i - +0 scale mail
rNeg   . . .     Faith    .     (no shield)
rPois  .         Spirit   .     (no helmet)
rElec  .         Dismiss  .     q - +0 cloak
rCorr  .         Reflect  .     (no gloves)
SustAt .         Harm     .     (no boots)
MR     +....                    (no amulet)
Stlth  ..........               (no ring)
                                (no ring)

@: non-regenerating, somewhat resistant to hostile enchantments, extremely
unstealthy
A: damage resistance, recharge devices, sense surroundings 1, slow regeneration
3
a: Device Recharging, Berserk, Trog's Hand, Burn Spellbooks, Renounce Religion


You were on level 4 of the Dungeon.
You worshipped Trog.
Trog was most pleased with you.
You were hungry.

You visited 1 branch of the dungeon, and saw 4 of its levels.

You collected 229 gold pieces.

Inventory:

Hand Weapons
 a - a +0 hand axe (weapon)
Armour
 i - a +0 scale mail (worn)
 q - a +0 cloak (worn)
Wands
 c - a wand of heal wounds (1/9)
 n - a wand of slowing (32/48)
Scrolls
 f - 2 scrolls of magic mapping {unknown}
 h - 12 scrolls of identify {unknown}
 k - a scroll of noise {unknown}
 m - 3 scrolls of remove curse {unknown}
 p - a scroll of recharging {unknown}
 s - 2 scrolls of teleportation {unknown}
 v - a scroll of amnesia {unknown}
 w - a scroll of enchant weapon {unknown}
 y - a scroll of fog {unknown}
Potions
 b - a potion of agility {unknown}
 e - 2 potions of degeneration {unknown}
 j - 2 potions of curing {unknown}
 l - 2 potions of mutation {unknown}
 r - a potion of magic {unknown}
 t - a potion of lignification {unknown}
 u - a potion of invisibility {unknown}
Comestibles
 d - 2 bread rations
 g - 2 slices of pizza
 o - 2 meat rations
 x - a beef jerky


   Skills:
 * Level 5.1 Fighting
 * Level 6.0 Axes
 + Level 4.2 Armour
 + Level 4.1 Dodging
 + Level 4.0 Evocations


You had 6 spell levels left.
You didn't know any spells.

Dungeon Overview and Level Annotations

Branches:
Dungeon (4/15)
 Temple: D:4-7

Altars:
Ashenzari


Innate Abilities, Weirdness & Mutations

You are resistant to damage.
You can recharge devices by infusing magical energy.
You passively map a small area around you.
You do not regenerate naturally.


Message History

You hit the ogre but do no damage. You hit the ogre.
The ogre is lightly wounded.
The ogre closely misses you.
You hit the ogre but do no damage.
The ogre is lightly wounded.
The ogre barely misses you.
You hit the ogre.
The ogre is moderately wounded.
The ogre barely misses you.
You closely miss the ogre.
The ogre is moderately wounded.
You hit the ogre but do no damage.
The ogre is moderately wounded.
The ogre hits you with a giant club!
* * * LOW HITPOINT WARNING * * *
You hit the ogre.
The ogre is heavily wounded.
The ogre hits you with a giant club!!
You die...

.# , #.#
** *
########.#
#......#.#
#......#.#
#......#.#
#......#.#
#......#.#
#.....O#.#
#.....@#.#
+......'.#
*
#......###
#.(....#
########


You could see an ogre.

Vanquished Creatures
  The ghost of richardnixon the Geomancer, a novice GrEE of Ashenzari (D:4)
  2 ogres
  A howler monkey (D:4)
  2 hounds (D:3)
  A jelly (D:3)
  A giant frog skeleton (D:4)
  An orc wizard (D:3)
  Jessica (D:3)
  Natasha (D:3)
  2 worker ants (D:4)
  9 adders
  A gnoll (D:3)
  A worm (D:2)
  14 dart slugs
  A giant gecko (D:3)
  6 orcs (D:3)
  4 bats
  6 giant cockroaches
  5 goblins
  8 hobgoblins
  12 jackals
  2 giant newts
  7 kobolds
  4 rats
93 creatures vanquished.

Notes
Turn   | Place    | Note
--------------------------------------------------------------
     0 | D:1      | shmeve the Deep Dwarf Berserker began the quest for the Orb.
     0 | D:1      | Reached XP level 1. HP: 20/20 MP: 1/1
    33 | D:1      | Reached XP level 2. HP: 8/27 MP: 2/2
   191 | D:1      | Reached skill level 1 in Evocations
   191 | D:1      | Reached XP level 3. HP: 14/34 MP: 3/3
   262 | D:1      | Reached ** piety under Trog
   641 | D:2      | Reached XP level 4. HP: 37/42 MP: 5/5
   867 | D:2      | Reached skill level 4 in Axes
  1118 | D:3      | Noticed an ogre
  1125 | D:3      | Killed an ogre
  1125 | D:3      | Reached XP level 5. HP: 48/50 MP: 6/6
  1178 | D:3      | Reached *** piety under Trog
  1187 | D:3      | Noticed Jessica
  1198 | D:3      | Killed Jessica
  1405 | D:3      | Reached XP level 6. HP: 32/57 MP: 7/7
  1480 | D:3      | Found a shattered altar of Ashenzari.
  1481 | D:3      | Noticed Natasha
  1499 | D:3      | Killed Natasha
  1499 | D:3      | Reached skill level 5 in Axes
  1553 | D:3      | HP: 1/58 [acid (6)]
  1956 | D:4      | Reached XP level 7. HP: 40/66 MP: 9/9
  2073 | D:4      | Noticed richardnixon's ghost (novice GrEE)
  2095 | D:4      | Killed richardnixon's ghost
  2095 | D:4      | Reached skill level 5 in Fighting
  2169 | D:4      | Reached **** piety under Trog
  2233 | D:4      | Reached skill level 6 in Axes
  2301 | D:4      | Slain by an ogre

Skill      XL: |  1  2  3  4  5  6  7 |
---------------+----------------------+-----
Fighting       | 3 4 5 |  5.1
Evocations     | 1 2 3 4 |  4.0
Dodging        | 3 4 |  4.1
Axes           | 4 5 6 |  6.0
Armour         | 3 4 |  4.2

Action                   |  1- 3 |  4- 6 |  7- 9 || total
-------------------------+-------+-------+-------++-------
Melee: Hand axe          |   122 |   165 |    97 ||   384
Invok: Berserk           |       |     4 |     1 ||     5
       Trog's Hand       |       |     1 |     1 ||     2
Evoke: Wand              |     2 |     2 |       ||     4
  Eat: Chunk             |       |     8 |     2 ||    10
Armor: Animal skin       |    19 |       |       ||    19
       Scale mail        |    24 |    78 |    45 ||   147
Dodge: Dodged            |   115 |    94 |    47 ||   256
